 Dungeon Crawl Stone Soup version 0.23-a0-565-g3e74e4c (console) character file.

91 Duffy the Chopper (level 4, -1/42 HPs)
             Began as a Naga Fighter on Dec 13, 2018.
             Slain by a killer bee zombie (3 damage)
             ... on level 4 of the Dungeon.
             The game lasted 00:01:49 (942 turns).

Duffy the Chopper (Naga Fighter)                     Turns: 942, Time: 00:01:50

Health: -1/42      AC:  4    Str: 19    XL:     4   Next: 57%
Magic:  4/4        EV:  5    Int:  9    God:
Gold:   48         SH:  9    Dex: 10    Spells: 3/3 levels left

rFire    . . .     SeeInvis +   a - +0 war axe
rCold    . . .     Gourm    .   c - +0 shield
rNeg     . . .     Faith    .   b - +0 scale mail
rPois    +         Spirit   .   (no helmet)
rElec    .         Reflect  .   (no cloak)
rCorr    .         Harm     .   (no gloves)
MR       .....                  (no barding)
Stlth    ..........             (no amulet)
HPRegen  0.14/turn              (no ring)
MPRegen  0.09/turn              (no ring)

@: hasted, quick
A: large, see invisible, deformed body, poison resistance, slowness 2, slow
metabolism 1, spit poison 1, AC +1
a: Spit Poison


You were on level 4 of the Dungeon.
You were not hungry.

You visited 1 branch of the dungeon, and saw 4 of its levels.

You collected 48 gold pieces.

Inventory:

Hand Weapons
 a - a +0 war axe (weapon)
 j - a +0 blowgun
Missiles
 k - 21 poisoned needles
Armour
 b - a +0 scale mail (worn)
 c - a +0 shield (worn)
 l - a +0 plate armour
Scrolls
 e - a scroll of teleportation {unknown}
 g - a scroll of enchant armour {unknown}
 i - a scroll of immolation {unknown}
 n - a scroll of noise {unknown}
 o - 3 scrolls of identify {unknown}
Potions
 d - a potion of might
Comestibles
 f - 2 rations


   Skills:
 - Level 3.0 Fighting
 + Level 3.5 Axes
 - Level 2.4 Armour
 + Level 3.4 Shields


You had 3 spell levels left.
You didn't know any spells.
Your spell library was empty.

Dungeon Overview and Level Annotations

Branches:
Dungeon (4/15)             Temple (0/1) D:4

Altars:


Innate Abilities, Weirdness & Mutations

You cannot wear boots.
Your serpentine skin is tough. (AC +1)
You have supernaturally acute eyesight. (SInv)
Armour fits poorly on your strangely shaped body.
Your system is resistant to poisons. (rPois)
You cover ground very slowly.
You have a slow metabolism.
You can spit poison.


Message History

The killer bee zombie hits you but does no damage.
Your scale mail prevents you from hitting the killer bee zombie.
The killer bee zombie is heavily damaged.
You block the killer bee zombie's attack.
The killer bee zombie hits you.
You barely miss the killer bee zombie.
The killer bee zombie is heavily damaged.
You block the killer bee zombie's attack.
The killer bee zombie barely misses you.
You barely miss the killer bee zombie.
The killer bee zombie is heavily damaged.
The killer bee zombie closely misses you.
The killer bee zombie hits you.
You miss the killer bee zombie.
The killer bee zombie is heavily damaged.
The killer bee zombie barely misses you.
You hit the killer bee zombie.
The killer bee zombie is severely damaged.
The killer bee zombie hits you.
You die...

#...Z...#.....#...##....##
#
#####.###.....#...##.....#
# #.%.......#...##.....# #
#####...[.#..........# #
#.....#..........# #
#.....#>..######## #
#.....#...#......# #
#....Z#...+......+ #
#....@....#......# #
######.##+#......######
#............$...#
#.....######.....'
#.....#....#.....#
#.....#....#.....#
#.....#....'.....#
#.....#....#.....#
#.....#....#.....#


You could see a killer bee zombie.

Vanquished Creatures
  A hound (D:4)
  A gnoll (D:4)
  4 adders
  2 bats
  3 goblins (D:1)
  A hobgoblin (D:1)
  4 frilled lizards
  2 kobolds
  2 rats (D:1)
20 creatures vanquished.

Notes
Turn   | Place    | Note
-------+----------+-------------------------------------------
     0 | D:1      | Duffy the Naga Fighter began the quest for the Orb.
     0 | D:1      | Reached XP level 1. HP: 21/21 MP: 1/1
   110 | D:2      | Reached XP level 2. HP: 28/28 MP: 2/2
   272 | D:2      | Reached XP level 3. HP: 34/34 MP: 3/3
   687 | D:4      | Reached XP level 4. HP: 38/42 MP: 4/4
   787 | D:4      | Found a staircase to the Ecumenical Temple.
   934 | D:4      | HP: 2/42 [killer bee zombie (6)]
   940 | D:4      | HP: 2/42 [killer bee zombie (3)]
   942 | D:4      | Slain by a killer bee zombie

Vault maps used:
D:1:      ncdulo_watergridlock
D:2:      overflow_temple_1_default
D:3:      minmay_chambers_of_twos, xom_teletrap_fun
D:4:      grunt_temple_overflow_lords_of_destruction, minmay_temple_entry_waves,
          serial_rivers, chequers_serial_rivers_micro_e,
          chequers_serial_rivers_small_b, chequers_serial_rivers_room_a,
          chequers_serial_rivers_micro_a, chequers_serial_rivers_small_a,
          uniq_duvessa, uniq_menkaure

Skill      XL: |  1  2  3 |
---------------+----------+-----
Shields        | 3 |  3.4
Axes           | 3 |  3.5
Fighting       | |  3.0
Armour         | |  2.4

Action                   |  1- 3 |  4- 6 || total
-------------------------+-------+-------++-------
Melee: War axe           |    58 |    29 ||    87
 Abil: Spit Poison       |     6 |     2 ||     8
  Use: Potion            |       |     2 ||     2
Armor: Scale mail        |    37 |    10 ||    47
Dodge: Dodged            |    13 |    11 ||    24
Block: Shield            |    37 |    28 ||    65

Table legend:
 A = Non-vault XP
 B = Vault XP
 C = Vault XP percentage of total XP
 D = Non-vault monster count
 E = Vault monster count
 F = Vault count percentage of total count
                 A         B        C        D         E       F
            +---------+---------+-------+---------+---------+-------
      Total |     130 |       0 |   0.0 |      20 |       0 |   0.0
            +---------+---------+-------+---------+---------+-------
        D:1 |      15 |       0 |   0.0 |      10 |       0 |   0.0
        D:2 |      29 |       0 |   0.0 |       4 |       0 |   0.0
        D:3 |       2 |       0 |   0.0 |       1 |       0 |   0.0
        D:4 |      84 |       0 |   0.0 |       5 |       0 |   0.0
            +---------+---------+-------+---------+---------+-------
